 Dungeon Crawl Stone Soup version 0.25.1-2-g60ff931df9 (webtiles) character file.

Game seed: 14791294691690841675

343 Acheron the Firebug (level 6, 0/50 HPs)
             Began as a Hill Orc Fire Elementalist on Aug 19, 2020.
             Killed from afar by an orc wizard (8 damage)
             ... with a magic dart
             ... on level 5 of the Dungeon.
             The game lasted 00:25:33 (4108 turns).

Acheron the Firebug (Hill Orc Fire Elementalist)    Turns: 4108, Time: 00:25:33

Health: 0/50       AC:  4    Str: 11    XL:     6   Next: 57%
Magic:  18/18      EV: 12    Int: 16    God:
Gold:   204        SH:  0    Dex: 12    Spells: 1/9 levels left

rFire    . . .     SeeInvis .   r - +2 spear (venom)
rCold    . . .     Gourm    .   (no shield)
rNeg     . . .     Faith    .   j - +0 leather armour
rPois    .         Spirit   .   f - +0 helmet
rElec    .         Reflect  .   (no cloak)
rCorr    .         Harm     .   (no gloves)
MR       .....                  (no boots)
Stlth    ++........             n - amulet of magic regeneration
HPRegen  0.16/turn              p - ring of magical power
MPRegen  0.41/turn              (no ring)

@: no status effects
A: no striking features
a: no special abilities


You were on level 5 of the Dungeon.
You were not hungry.

You visited 1 branch of the dungeon, and saw 5 of its levels.

You collected 204 gold pieces.

Inventory:

Hand Weapons
 b - a +0 whip
 h - a +0 short sword
 r - a +2 spear of venom (weapon)
 s - a +0 war axe
Missiles
 i - 56 stones (quivered)
 t - a throwing net
Armour
 f - a +0 helmet (worn)
 j - a +0 leather armour (worn)
Jewellery
 n - an amulet of magic regeneration (around neck)
 p - a ring of magical power (left hand)
 u - an uncursed ring of magical power
 w - a +4 ring of protection {unknown}
Scrolls
 d - a scroll of magic mapping
 g - a scroll of teleportation
 k - 2 scrolls of identify
 l - a scroll of blinking {unknown}
 q - a scroll of enchant weapon {unknown}
 v - 2 scrolls of amnesia
 x - a scroll of remove curse {unknown}
 y - a scroll of noise {unknown}
Potions
 e - a potion of resistance
 m - a potion of degeneration {unknown}
 o - 4 potions of brilliance
Comestibles
 c - 13 rations


   Skills:
 * Level 2.5 Fighting
 * Level 1.3 Short Blades
 + Level 0.3 Maces & Flails
 + Level 0.7 Polearms
 * Level 2.2 Armour
 * Level 2.2 Dodging
 * Level 2.3 Stealth
 * Level 2.4 Spellcasting
 * Level 2.2 Conjurations
 * Level 4.2 Fire Magic


You had one spell level left.
You knew the following spells:

 Your Spells              Type           Power        Failure   Level  Hunger
a - Foxfire               Conj/Fire      ##..         7%          1    #......
b - Magic Dart            Conj           #...         11%         1    #......
c - Call Imp              Summ           #.......     36%         2    ###....
d - Blink                 Tloc           N/A          36%         2    ###....
e - Slow                  Hex            #.......     36%         2    ###....

Your spell library contained the following spells:

 Spells                   Type           Power        Failure   Level  Hunger
 Conjure Flame            Conj/Fire      ##......     21%         3    ###....
 Inner Flame              Hex/Fire       #.......     32%         3    ###....
 Mephitic Cloud           Conj/Pois/Air  #.......     50%         3    ###....
 Sticky Flame             Conj/Fire      ##......     56%         4    #####..
 Fireball                 Conj/Fire      ##........   88%         5    ######.


Dungeon Overview and Level Annotations

Branches:
Dungeon (5/15)
 Temple: D:4-7

Altars:
Qazlal
The Shining One

Annotations:
D:3 exclusion: upstairs


Message History

You hit the orc wizard.
The orc wizard is moderately wounded.
You feel yourself speed up.
The orc wizard hits you with a +0 dagger.
* * * LOW HITPOINT WARNING * * *
Something hits you but does no damage.
The orc wizard mumbles some strange words.
The orc wizard blinks!
Something hits you.
* * * LOW HITPOINT WARNING * * *
As you read the scroll of teleportation, it crumbles to dust.
You feel strangely unstable. Something hits you but does no damage.
The orc wizard casts a spell.
The orc wizard blinks!
Your surroundings suddenly seem different.
There is an open door here.
You start resting.
The orc wizard is too close now for your liking.
The orc wizard casts a spell at you. The magic dart hits you!
You die...

.. ..########
#.......##### ### ##
+.........#8###8###.#
#.......#@.........#
#.......#..........#
#.......###.#..##..##
######'## #....##..8#
#.####........##
#.#......o##..#
#.#.###....<..# #.#.#
#....#..8#
#.#.###..>.#..##


You could see an orc wizard (fast).

Vanquished Creatures
  A crimson imp (D:5)
  An orc priest (D:5)
  An orc wizard (D:5)
  A centaur skeleton (D:4)
  An iguana (D:4)
  2 worker ants (D:4)
  Robin (D:2)
  2 gnolls
  An adder (D:2)
  2 oozes
  2 worms
  2 dart slugs
  2 leopard geckos
  5 orcs
  6 giant cockroaches
  7 goblins
  9 hobgoblins
  9 jackals
  A quokka (D:3)
  A ball python (D:3)
  7 bats
  3 frilled lizards
  A goblin skeleton (D:5)
  5 hobgoblin zombies (D:5)
  5 kobolds
  An orc skeleton (D:5)
  2 quokka skeletons
  9 rats
90 creatures vanquished.

Vanquished Creatures (others)
  151 foxfires
151 creatures vanquished.

Grand Total: 241 creatures vanquished

Notes
Turn   | Place    | Note
-------+----------+-------------------------------------------
     0 | D:1      | Acheron the Hill Orc Fire Elementalist began the quest for
                  | the Orb.
     0 | D:1      | Reached XP level 1. HP: 14/14 MP: 3/3
   222 | D:2      | Reached XP level 2. HP: 19/20 MP: 1/4
   475 | D:2      | Noticed Robin
  1091 | D:1      | Reached XP level 3. HP: 26/26 MP: 3/5
  1888 | D:3      | Reached skill level 1 in Fighting
  1888 | D:3      | Reached XP level 4. HP: 26/35 MP: 5/7
  2223 | D:2      | Found a stormy altar of Qazlal.
  2225 | D:2      | Noticed a water elemental
  2226 | D:2      | Noticed an earth elemental
  2226 | D:2      | Noticed an air elemental
  2226 | D:2      | Noticed a fire elemental
  2411 | D:2      | Reached XP level 5. HP: 26/41 MP: 8/8
  2442 | D:2      | Reached skill level 1 in Armour
  2487 | D:2      | Killed Robin
  2487 | D:2      | Reached skill level 4 in Fire Magic
  2969 | D:3      | Learned a level 1 spell: Magic Dart
  2972 | D:3      | Learned a level 2 spell: Call Imp
  2975 | D:3      | Learned a level 2 spell: Blink
  2978 | D:3      | Learned a level 2 spell: Slow
  3209 | D:4      | Reached skill level 1 in Short Blades
  3456 | D:4      | HP: 1/41 [iguana (6)]
  3466 | D:4      | Reached XP level 6. HP: 8/49 MP: 9/9
  3850 | D:5      | Entered Level 5 of the Dungeon
  3905 | D:5      | Found a glowing golden altar of the Shining One.
  4108 | D:5      | Killed from afar by an orc wizard

Illustrated notes

Levels and vault maps discovered:
D:1:      scummos_arrival_star, layout_loops_ring, due_unseen_surprise
D:2:      layout_loops_ring, grunt_dithmenos_smoke_and_mirrors, first_ration,
          nicolae_qazlal_style_of_elements, uniq_robin
D:3:      layout_rooms, kennysheep_boxes
D:4:      layout_rooms
D:5:      layout_basic, kennysheep_mini_moat, old_standard_altar, serial_shops,
          shop, serial_corexii_hall, chequers_hall_statues_y,
          chequers_hall_statues_wall_a, chequers_hall_statues_corner_a,
          corexii_hall_statues_i, basic_altar, nicolae_tso_besieged_by_evil

Skill      XL: |  1  2  3  4  5  6 |
---------------+-------------------+-----
Spellcasting   | 2 |  2.4
Fighting       | 1 2 |  2.5
Armour         | 1 2 |  2.2
Dodging        | 2 |  2.2
Stealth        | 2 |  2.3
Fire Magic     | 4 |  4.2
Short Blades   | 1 |  1.3
Conjurations   | 2 |  2.2
Maces & Flails | |  0.3
Polearms       | |  0.7

Action                   |  1- 3 |  4- 6 || total
-------------------------+-------+-------++-------
Melee: Whip              |    44 |       ||    44
       Short sword       |    46 |    51 ||    97
       Spear             |       |    77 ||    77
 Cast: Foxfire           |    39 |    43 ||    82
  Use: Scroll            |     3 |     6 ||     9
       Potion            |       |     5 ||     5
 Stab: Sleeping          |     1 |       ||     1
  Eat: Ration            |     1 |     1 ||     2
       Chunk             |       |     7 ||     7
Armor: Robe              |    15 |       ||    15
       Leather armour    |    19 |    42 ||    61
Dodge: Dodged            |    70 |    69 ||   139
